Map: [ESL] Moondance

Players

SpeCial - Winner!

  • Race: Terran Terran
  • Spawn Location: 12:00

Gerald

  • Race: Protoss Protoss
  • League: Master
  • Spawn Location: 6:00

Event: TSL 9

VOD

Have the link to the VOD?

Description

Time

  • Played on: July 31, 2022, 8:06 a.m.
  • Length: 17:04

All games in this series

Show
View Real Time Build Order
Export as new Build Order

SpeCial Terran - Winner!

Build Orders:  

Get SALT Encoding   

  12  0:00  SCV  
  13  0:12  SCV  
  14  0:17  Supply Depot  
  14  0:24  SCV  
  15  0:39  SCV  
  15  0:41  Barracks  
  16  0:43  Refinery  
  16  0:51  SCV  
  16  0:54  Refinery  
  17  1:03  SCV  
  18  1:15  SCV  
  19  1:28  Reaper, Orbital Command  
  19  1:29  Supply Depot  
  20  1:43  Factory  
  20  1:54  SCV  
  20  2:00  Reaper  
  22  2:06  SCV  
  23  2:17  Command Center  
  23  2:20  SCV  
  24  2:28  Hellion  
  26  2:32  Barracks Reactor  
  26  2:33  SCV  
  27  2:38  Supply Depot  
  27  2:45  Barracks  
  27  2:47  SCV  
  27  2:50  Factory Tech Lab  
  28  2:59  SCV  
  28  3:05  Barracks  
  28  3:09  Marine  
  28  3:12  SCV  
  30  3:13  Marine  
  31  3:21  Cyclone  
  33  3:27  SCV  
  34  3:34  Barracks Tech Lab  
  34  3:38  Orbital Command  
  32  3:41  SCV  
  32  3:43  Marine  
  32  3:46  Marine  
  35  3:54  SCV, Barracks Tech Lab  
  36  3:57  Marine  
  36  3:58  Stimpack  
  36  4:00  Widow Mine  
  39  4:04  SCV  
  39  4:06  Marine x2  
  42  4:12  Supply Depot  
  42  4:13  Marine  
  42  4:14  Combat Shield  
  42  4:16  SCV  
  44  4:18  SCV  
  44  4:22  Siege Tank  
  48  4:30  SCV  
  48  4:31  SCV  
  50  4:34  Marine x2  
  52  4:39  Supply Depot  
  52  4:40  Marauder x2  
  52  4:43  SCV  
  52  4:44  SCV  
  58  4:54  Siege Tank  
  58  4:56  SCV  
  62  5:00  SCV  
  62  5:01  Supply Depot, Marine x2  
  63  5:07  Engineering Bay  
  63  5:08  SCV  
  63  5:09  Marauder x2  
  63  5:12  SCV  
  69  5:16  Refinery  
  69  5:20  SCV  
  70  5:24  SCV  
  71  5:29  Marine x2  
  71  5:30  Marine x2  
  71  5:32  SCV  
  71  5:35  Missile Turret  
  76  5:36  SCV, Missile Turret  
  77  5:44  SCV  
  77  5:48  Marine  
  77  5:49  SCV  
  78  5:50  Marine  
  78  5:59  Supply Depot  
  78  6:08  Bunker  
  78  6:11  SCV  
  78  6:12  Marine x2  
  78  6:13  Marine  
  78  6:15  SCV  
  78  6:17  Bunker  
  76  6:19  Missile Turret, Siege Tank  
  76  6:21  Marine  
  76  6:23  SCV  
  72  6:28  SCV  
  72  6:30  Marine x2  
  72  6:31  Marine  
  74  6:35  SCV  
  74  6:38  Marine  
  74  6:40  SCV  
  70  6:47  SCV  
  70  6:48  Marine  
  70  6:49  Marine x2  
  70  6:51  Supply Depot  
  70  6:52  SCV  
  70  6:53  Starport  
  75  6:56  Marine  
  75  6:59  SCV  
  77  7:03  Missile Turret  
  77  7:04  SCV  
  77  7:06  Marine  
  77  7:07  Factory Reactor  
  77  7:08  Supply Depot  
  79  7:11  SCV, Marine x2  
  79  7:14  Marine  
  78  7:16  SCV  
  78  7:22  Barracks  
  79  7:24  Barracks, Marine  
  79  7:28  Marine  
  79  7:29  Marine  
  81  7:31  Starport Reactor  
  81  7:32  Marine  
  81  7:34  Bunker  
  79  7:37  Refinery, Terran Infantry Weapons Level 1  
  79  7:41  Marine  
  80  7:46  Marine x2  
  80  7:50  Marine  
  80  7:51  Widow Mine  
  83  7:52  Widow Mine  
  83  7:55  Armory  
  84  7:59  Marine  
  84  8:04  Marine x2  
  77  8:07  Marine  
  77  8:09  Medivac x2  
  77  8:11  Marine  
  77  8:12  Widow Mine  
  86  8:13  Barracks Reactor, Widow Mine  
  86  8:17  Marine  
  86  8:19  Missile Turret  
  88  8:22  Marine x2  
  88  8:25  Marine  
  88  8:26  Concussive Shells  
  91  8:29  Marine  
  91  8:34  Widow Mine  
  94  8:35  Supply Depot  
  94  8:36  Supply Depot  
  94  8:37  Supply Depot  
  94  8:39  Command Center  
  94  8:42  Marine  
  94  8:58  Medivac, Marauder, Marine x4  
  94  8:59  Medivac, Marauder, Widow Mine x2  
  94  9:00  Supply Depot  
  94  9:01  Marauder  
  112  9:03  Supply Depot  
  112  9:05  Supply Depot  
  112  9:15  Marine  
  111  9:21  Widow Mine x2  
  111  9:22  Marauder, Marine x2  
  111  9:24  Marauder, Marine x2  
  115  9:28  Medivac  
  115  9:29  Medivac  
  121  9:33  Marine  
  122  9:39  Marine x2  
  122  9:42  Widow Mine x2  
  122  9:44  SCV x2  
  128  9:48  Terran Infantry Weapons Level 2  
  128  9:51  Marine x3  
  128  9:52  Orbital Command, Marauder, Marine  
  134  9:56  SCV  
  135  10:04  Widow Mine x2  
  135  10:05  Medivac x2, Marine  
  135  10:06  Marine  
  135  10:09  SCV  
  135  10:10  SCV, Marauder x2  
  125  10:24  Marauder, Marine x3  
  125  10:25  Widow Mine x2  
  119  10:37  Marauder, Marine  
  119  10:39  Marine  
  123  10:46  Widow Mine x2  
  125  10:55  Marauder, Marine  
  117  11:02  Medivac x2  
  122  11:08  Widow Mine x2  
  122  11:09  Ghost Academy, Marine x3  
  122  11:10  Marauder, Marine  
  129  11:13  Marine  
  124  11:28  Marine x4  
  124  11:29  Widow Mine x2, Marauder  
  124  11:30  Marine  
  124  11:32  Medivac x2  
  139  11:43  Marauder  
  139  11:46  Marine x2  
  145  11:47  Marauder  
  145  11:50  Widow Mine x2  
  149  11:59  Marine  
  149  12:00  Marine, Ghost  
  149  12:02  Medivac x2  
  149  12:04  Marine x2, Ghost  
  149  12:07  Terran Infantry Weapons Level 3  
  149  12:08  Command Center  
  157  12:11  SCV, Refinery  
  157  12:20  Marine x2  
  157  12:22  Marine  
  156  12:29  Marine  
  157  12:35  Supply Depot, Ghost  
  157  12:36  Supply Depot  
  157  12:37  Marauder  
  157  12:38  Marauder  
  157  12:40  Marine x2  
  154  12:52  Command Center  
  154  13:03  Marauder, Marine x2  
  154  13:04  Widow Mine, Marauder, Marine x2  
  159  13:12  Marauder  
  153  13:20  Marine  
  153  13:21  Marine x2  
  153  13:22  Marine  
  153  13:24  Marauder  
  153  13:25  Marauder  
  161  13:30  Viking x2  
  161  13:33  Marauder  
  167  13:37  Enhanced Shockwaves  
  167  13:38  Marine  
  168  13:46  Marauder  
  170  13:51  Starport  
  170  13:53  Ghost  
  170  13:55  Marine  
  173  14:03  Marine x2  
  173  14:04  Supply Depot  
  173  14:07  Viking  
  177  14:11  Viking  
  177  14:15  Planetary Fortress  
  179  14:20  Marine x3  
  180  14:39  Marine x2  
  180  14:40  Marauder x2, Marine x2  
  180  14:41  Marauder  
  190  14:48  Terran Infantry Armor Level 1  
  186  14:57  Marine x3  
  186  14:58  Marine  
  187  15:01  Marauder x2  
  187  15:02  Marauder  
  187  15:03  Viking x2  
  196  15:12  Viking x2  
  194  15:15  Marine x3  
  182  15:23  Marauder  
  182  15:25  Marauder, Marine  
  182  15:26  Marauder  
  182  15:28  Missile Turret  
  187  15:33  Viking x2, Marine  
  192  15:37  Command Center  
  192  15:39  Marine x2  
  192  15:41  Viking  
  196  15:44  Sensor Tower, Marauder  
  194  15:52  Marine  
  194  15:53  Marauder  
  196  15:57  Viking  
  196  16:03  Viking  
  200  16:05  Fusion Core  
  200  16:09  Refinery  
  198  16:13  Ghost  
  200  16:19  Refinery  
  182  16:34  Marine  
  182  16:35  Marauder  
  173  16:40  Marine  
  173  16:41  Marauder  
  173  16:42  Marauder, Marine  
  173  16:45  Marine  
Show
View Real Time Build Order
Export as new Build Order

Gerald Protoss 

Build Orders: 1 Gate Expand, Phoenix Opening 

Get SALT Encoding   

  12  0:00  Probe  
  13  0:12  Probe  
  14  0:18  Pylon  
  14  0:24  Probe (Chrono Boost)  
  15  0:36  Gateway  
  15  0:40  Probe (Chrono Boost)  
  16  0:45  Probe (Chrono Boost)  
  16  0:48  Assimilator  
  17  0:55  Probe  
  18  1:07  Probe  
  19  1:19  Probe  
  19  1:24  Nexus  
  20  1:31  Probe  
  21  1:37  Cybernetics Core  
  21  1:44  Assimilator  
  21  1:45  Probe  
  22  1:55  Pylon  
  22  1:57  Probe  
  22  2:09  Probe  
  22  2:11  Adept (Chrono Boost)  
  25  2:16  Pylon  
  25  2:21  Probe  
  26  2:25  Stargate  
  26  2:33  Adept (Chrono Boost), Probe  
  29  2:38  Probe  
  29  2:39  Warp Gate  
  30  2:45  Probe  
  30  2:50  Probe  
  32  2:53  Shield Battery  
  31  3:02  Probe  
  31  3:08  Probe  
  32  3:14  Probe  
  32  3:20  Probe  
  32  3:24  Phoenix (Chrono Boost)  
  32  3:26  Probe  
  35  3:32  Probe (Chrono Boost)  
  36  3:41  Phoenix (Chrono Boost)  
  37  3:44  Probe (Chrono Boost)  
  37  3:45  Probe (Chrono Boost)  
  40  3:49  Gateway  
  40  3:52  Twilight Council, Probe (Chrono Boost)  
  41  3:59  Probe  
  41  4:01  Phoenix (Chrono Boost)  
  44  4:07  Probe  
  45  4:12  Probe  
  45  4:15  Gateway  
  46  4:19  Phoenix (Chrono Boost)  
  46  4:20  Probe  
  50  4:26  Pylon  
  50  4:27  Probe  
  50  4:29  Charge (Chrono Boost)  
  50  4:32  Probe  
  51  4:45  Nexus  
  51  4:51  Phoenix  
  53  5:01  Probe  
  53  5:06  Probe  
  55  5:10  Forge, Gateway  
  55  5:11  Pylon  
  55  5:13  Probe  
  56  5:16  Phoenix, Zealot  
  60  5:23  Probe  
  60  5:24  Pylon  
  61  5:32  Gateway  
  61  5:34  Shield Battery  
  61  5:40  Zealot x2  
  61  5:41  Zealot  
  67  5:45  Pylon  
  67  5:54  Phoenix  
  69  5:57  Probe  
  69  5:58  Probe  
  69  6:00  Protoss Ground Armor Level 1  
  71  6:04  Zealot x3  
  71  6:07  Zealot  
  67  6:22  Phoenix  
  60  6:29  Zealot  
  60  6:30  Zealot x4  
  63  6:47  Phoenix, Gateway  
  63  6:48  Gateway  
  63  6:50  Zealot  
  63  6:51  Gateway  
  63  6:52  Zealot x2  
  66  6:55  Zealot  
  68  7:05  Probe  
  69  7:15  Probe  
  65  7:16  Zealot x4  
  65  7:17  Phoenix  
  65  7:19  Probe x2  
  72  7:34  Zealot x2  
  77  7:38  Probe (Chrono Boost)  
  77  7:39  Probe (Chrono Boost)  
  77  7:41  Probe (Chrono Boost)  
  77  7:42  Phoenix  
  79  7:46  Zealot  
  79  7:47  Zealot, Probe (Chrono Boost)  
  85  7:51  Probe (Chrono Boost)  
  85  7:52  Probe (Chrono Boost)  
  86  8:03  Probe (Chrono Boost)  
  86  8:04  Probe (Chrono Boost)  
  85  8:06  Nexus  
  85  8:07  Phoenix, Probe (Chrono Boost)  
  85  8:12  Protoss Ground Weapons Level 1 (Chrono Boost)  
  87  8:15  Probe (Chrono Boost)  
  89  8:20  Probe (Chrono Boost)  
  89  8:22  Probe (Chrono Boost)  
  89  8:23  Probe (Chrono Boost)  
  89  8:26  Robotics Facility  
  89  8:28  Probe  
  89  8:32  Phoenix, Probe  
  93  8:37  Pylon  
  93  8:39  Pylon  
  93  8:44  Pylon  
  93  8:47  Assimilator  
  93  8:50  Assimilator  
  93  8:55  Probe x3  
  96  9:02  Zealot x6  
  104  9:11  Photon Cannon  
  104  9:12  Phoenix  
  106  9:22  Probe x2  
  106  9:23  Observer (Chrono Boost)  
  109  9:34  Probe  
  109  9:37  Robotics Bay  
  109  9:40  Gateway  
  109  9:43  Zealot x3  
  109  9:44  Zealot  
  117  9:45  Gateway  
  117  9:46  Pylon  
  117  9:48  Pylon  
  117  9:50  Zealot x2  
  115  10:05  Zealot x4  
  121  10:12  Zealot, Probe  
  121  10:13  Zealot  
  114  10:27  Zealot x4, Pylon  
  114  10:38  Phoenix  
  114  10:39  Zealot x2  
  114  10:40  Zealot  
  117  10:43  Probe  
  116  10:56  Probe x3  
  116  10:57  Colossus (Chrono Boost), Probe  
  118  11:03  Photon Cannon  
  124  11:05  Shield Battery  
  126  11:11  Probe (Chrono Boost)  
  126  11:13  Probe x2 (Chrono Boost)  
  125  11:20  Zealot x5  
  125  11:22  Probe (Chrono Boost)  
  134  11:25  Probe (Chrono Boost)  
  134  11:26  Probe x2  
  134  11:28  Pylon  
  134  11:30  Probe  
  134  11:32  Zealot  
  140  11:39  Colossus (Chrono Boost)  
  144  11:47  Photon Cannon  
  144  11:49  Photon Cannon  
  138  11:54  Probe (Chrono Boost)  
  138  11:58  Probe (Chrono Boost)  
  102  12:01  Phoenix  
  137  12:04  Protoss Ground Weapons Level 2 (Chrono Boost)  
  137  12:05  Observer  
  137  12:06  Probe (Chrono Boost)  
  137  12:07  Probe (Chrono Boost)  
  137  12:08  Probe (Chrono Boost)  
  142  12:15  Zealot x3, Probe (Chrono Boost)  
  150  12:16  Zealot x2, Probe x2 (Chrono Boost)  
  150  12:17  Observer  
  150  12:25  Templar Archives, Colossus (Chrono Boost)  
  150  12:27  Pylon  
  156  12:43  Probe  
  156  12:47  Robotics Facility, Pylon  
  156  12:57  Probe  
  155  13:01  Zealot x3  
  155  13:02  Zealot  
  162  13:10  Disruptor (Chrono Boost)  
  162  13:11  Zealot  
  162  13:12  Zealot x3  
  149  13:20  Probe x2  
  149  13:23  Gateway  
  149  13:25  Zealot x4  
  149  13:26  Gateway  
  159  13:29  Gateway  
  159  13:30  Shield Battery  
  159  13:31  Disruptor (Chrono Boost), Gateway  
  159  13:39  High Templar  
  164  13:42  Pylon  
  164  13:50  Nexus  
  164  13:52  Pylon  
  164  13:56  Assimilator  
  164  13:59  Pylon x2  
  164  14:00  Probe, Pylon  
  165  14:05  Zealot x3  
  171  14:10  Pylon  
  171  14:12  Assimilator  
  171  14:14  Blink, Assimilator  
  171  14:17  Disruptor  
  171  14:23  Nexus  
  174  14:27  Pylon  
  174  14:30  Photon Cannon  
  174  14:31  Stalker x2  
  176  14:33  Shield Battery  
  178  14:43  Nexus  
  178  14:45  Observer, Pylon  
  177  15:07  Zealot x3  
  177  15:08  Zealot x8  
  157  15:22  Stalker  
  157  15:26  Disruptor, Observer  
  159  15:29  Cybernetics Core, Stalker x4  
  159  15:30  Stalker  
  169  15:42  Nexus  
  169  15:51  Disruptor  
  169  15:55  Pylon  
  166  16:01  Disruptor, Assimilator  
  169  16:09  Stalker x2  
  169  16:10  Stalker x4  
  181  16:16  Zealot x2  
  183  16:20  Zealot  
  183  16:21  Zealot  
  183  16:25  Zealot  
  136  16:34  Zealot x4  
  120  16:40  Zealot x2  
Tags
 
Add a new tag
Caveats
  • Supply blocks, unpowered buildings, or Contaminate may cause inaccurate times.
  • Supply counts are checked every 10 seconds.